 Dungeon Crawl Stone Soup version 0.28-a0-1038-g9c4cb8273d (webtiles) character file.

Game seed: 8714429358646165271

1902 croobank the Sneak (level 9, -14/57 HPs)
             Began as an Octopode Delver on Dec 8, 2021.
             Was a Follower of Qazlal.
             Demolished by an ogre (29 damage)
             ... on level 7 of the Dungeon.
             The game lasted 00:51:01 (4348 turns).

croobank the Sneak (Octopode Delver)                Turns: 4348, Time: 00:51:04

Health: -14/57     AC:  1    Str: 15    XL:     9   Next: 15%
Magic:  13/17      EV: 14    Int: 19    God:    Qazlal [*.....]
Gold:   229        SH:  1    Dex: 19    Spells: 12/19 levels left

rFire   . . .      SeeInvis .   a - +0 war axe
rCold   . . .      Faith    .   (no shield)
rNeg    . . .      Spirit   .   (helmet restricted)
rPois   +          Reflect  .   i - amulet of regeneration
rElec   .          Harm     .   n - ring of poison resistance
rCorr   .          Rampage  .   g - +6 ring of dexterity
Will    .....                   F - +6 ring of intelligence
Stlth   +++++.....              (no ring)
HPRegen 0.99/turn               (no ring)
MPRegen 0.15/turn               (no ring)
                                (no ring)
                                (no ring)

@: very slightly contaminated
A: almost no armour, amphibious, 8 rings, camouflage 1, gelatinous body 1,
(nimble swimmer 1), tentacles
a: Renounce Religion


You were on level 7 of the Dungeon.
You worshipped Qazlal.
Qazlal was aware of your devotion.
You visited 1 branch of the dungeon, and saw 7 of its levels.

You collected 285 gold pieces.
You spent 56 gold pieces at shops.

Inventory:

Hand Weapons
 a - a +0 war axe (weapon)
 b - a +0 shortbow
 d - a +6 flail of draining
 l - a +0 hand axe
 o - a +0 long sword
 p - a +0 short sword
 u - a +4 dagger
 x - a +0 great sword
 A - a +2 morningstar of protection
 G - a +3 trident of freezing
Missiles
 h - 160 stones (quivered)
 k - 58 bolts
 m - 3 throwing nets
 q - 82 arrows
 w - 17 poisoned darts
 z - 34 sling bullets
 C - 6 javelins
Jewellery
 g - a +6 ring of dexterity (right tentacle)
 i - an amulet of regeneration (around mantle)
 n - a ring of poison resistance (left tentacle)
 F - a +6 ring of intelligence (on tentacle)
Wands
 f - a wand of digging (3)
 y - a wand of acid (13)
Scrolls
 c - a scroll of magic mapping
 j - 2 scrolls of immolation
 r - 4 scrolls of identify
 t - a scroll of enchant armour
Potions
 e - a potion of degeneration
 s - 2 potions of lignification
 v - a potion of cancellation {unknown}
 B - a potion of invisibility {unknown}
 D - a potion of ambrosia
 E - a potion of flight {unknown}


   Skills:
 - Level 3.2 Fighting
 - Level 5.1 Short Blades
 - Level 2.3 Axes
 - Level 2.2 Dodging
 - Level 7.6 Stealth
 - Level 5.9 Spellcasting
 - Level 6.1 Hexes
 + Level 3.0 Ice Magic


You had 12 spell levels left.
You knew the following spells:

 Your Spells              Type           Power      Damage    Failure   Level
a - Slow                  Hex            100%       N/A       1%          1
b - Confusing Touch       Hex            29%        N/A       2%          3
c - Ozocubu's Armour      Ice            17%        N/A       10%         3

Your spell library contained the following spells:

 Spells                   Type           Power      Damage    Failure   Level
 Inner Flame              Hex/Fire       17%        N/A       10%         3
 Portal Projectile        Hex/Tloc       34%        N/A       10%         3
 Foxfire                  Conj/Fire      20%        2x1d5     12%         1
 Conjure Flame            Conj/Fire      5%         6-21      34%         3
 Ignite Poison            Fire/Tmut/Pois 5%         N/A       34%         3
 Vampiric Draining        Necr           5%         2d6       34%         3
 Flame Wave               Conj/Fire      5%         2d4       75%         4
 Sticky Flame             Conj/Fire      5%         2d3       75%         4
 Blade Hands              Tmut           2%         N/A       97%         5
 Excruciating Wounds      Necr           2%         N/A       97%         5
 Ozocubu's Refrigeration  Ice            8%         4d6       100%        7
 Borgnjor's Revivificati  Necr           2%         N/A       100%        8
 Necromutation            Tmut/Necr      2%         N/A       100%        8
 Death's Door             Necr           2%         N/A       100%        9


Dungeon Overview and Level Annotations

Branches:
Dungeon (7/15)             Temple (0/1) D:7

Altars:
Nemelex Xobeh
Qazlal
Wu Jian
The Shining One

Shops:
D:2 [(=?   D:5 (   D:6 [


Innate Abilities, Weirdness & Mutations

You cannot wear most types of armour.
You are amphibious.
You can wear up to eight rings at the same time.
Your skin changes colour to match your surroundings (Stealth+).
Your rubbery body absorbs attacks. (AC +1, EV +1)
((You are camouflaged near water. (Stealth+)))
You have tentacles for arms and can constrict up to eight enemies at once.


Message History

You slash the wight!
You destroy the wight!
Qazlal accepts your kill.
You strike the helpless ogre from behind!
You hit the ogre.
Your Ice Magic skill increases to level 3!
Things that are here:
a +3 trident of freezing; a +0 robe; 15 bolts
G - a +3 trident of freezing The ogre closely misses you.
You hit the ogre.
The ogre is moderately wounded.
The ogre hits you with a +0 giant club.
You hit the ogre. You squeeze the ogre.
The ogre is heavily wounded.
The ogre hits you with a +0 giant club!
You hit the ogre but do no damage. You squeeze the ogre.
The ogre is severely wounded.
You strike the helpless ogre from behind!
You slash the ogre!
The ogre is almost dead.
You barely miss the ogre.
The ogre is almost dead.
You hit the ogre but do no damage. You squeeze the ogre, but do no damage.
The ogre is almost dead.
The ogre shouts, "What's happening?!"
The ogre closely misses you.
You hit the ogre.
The ogre is almost dead.
The ogre seems less confused.
The ogre hits you with a +0 giant club!!
* * * LOW HITPOINT WARNING * * *
Casting: Confusing Touch (dangerous; 2% risk of failure)
Confirm with . or Enter, or press ? or * to list all spells.
You miscast Ozocubu's Armour.
You are very lightly contaminated with residual magic.
Nothing appears to happen.
The ogre hits you with a +0 giant club!!
Ouch! That really hurt!
You die...

#.# ##.## #.## #.#
...## #.# ....# #.#
....##########.######
......##..#.........#
#.##..##.......##..##
#.##.....##...##O.##
.#
#....#...##..##[@##..#
###....#....##......#
###################


You could see an ogre.

Vanquished Creatures
  Maggie (D:7)
  A steam dragon (D:6)
  Menkaure (D:7)
  Edmund (D:5)
  An ice beast (D:6)
  An orc warrior (D:6)
  A black bear (D:6)
  A sky beast (D:6)
  An ogre (D:6)
  A centaur (D:3)
  3 phantoms
  A bullfrog (D:6)
  2 scorpions (D:6)
  A howler monkey (D:7)
  A wight (D:7)
  A bullfrog zombie (D:5)
  A hound (D:7)
  An orc priest (D:5)
  A bullfrog skeleton (D:5)
  A centaur skeleton (D:5)
  An orc wizard (D:6)
  A scorpion zombie (D:5)
  A hound skeleton (D:5)
  2 howler monkey skeletons
  5 adders
  5 worms (D:2)
  2 dart slugs
  8 orcs
  8 bats
  10 endoplasms
  3 giant cockroaches
  4 goblins
  7 hobgoblins
  4 jackals
  5 kobolds
  3 quokkas (D:1)
  6 ball pythons
  3 frilled lizards
  6 rats
107 creatures vanquished.

Notes
Turn   | Place    | Note
-------+----------+-------------------------------------------
     0 | D:5      | croobank the Octopode Delver began the quest for the Orb.
     0 | D:5      | Reached XP level 1. HP: 16/16 MP: 1/1
    23 | D:5      | Found a glowing golden altar of the Shining One.
    30 | D:5      | Noticed a phantom
   197 | D:2      | Reached skill level 7 in Stealth
   214 | D:2      | Reached XP level 2. HP: 9/21 MP: 2/2
   284 | D:1      | Found a faded altar of an unknown god.
   287 | D:1      | Reached XP level 3. HP: 26/26 MP: 3/3
   856 | D:2      | Found Xyukh's Magic Scroll Emporium.
   882 | D:2      | Reached skill level 1 in Short Blades
   885 | D:2      | Bought a scroll of identify for 28 gold pieces
   885 | D:2      | Bought a scroll of identify for 28 gold pieces
   900 | D:2      | Reached XP level 4. HP: 28/31 MP: 4/4
   910 | D:2      | Found Geogash's Jewellery Shoppe.
   930 | D:2      | Found Poihih's Antique Armour Shoppe.
   947 | D:2      | Found Culijyutz's Weapon Shop.
  1705 | D:3      | Noticed a centaur
  1720 | D:3      | Killed a centaur
  1721 | D:3      | Reached XP level 5. HP: 10/36 MP: 5/5
  1813 | D:3      | Found a stormy altar of Qazlal.
  1817 | D:3      | Became a worshipper of Qazlal Stormbringer
  2030 | D:4      | Noticed Edmund
  2090 | D:5      | Killed Edmund
  2091 | D:5      | Reached skill level 5 in Short Blades
  2091 | D:5      | Reached XP level 6. HP: 17/42 MP: 6/6
  2133 | D:5      | Learned a level 1 spell: Slow
  2137 | D:5      | Learned a level 3 spell: Confusing Touch
  2143 | D:5      | Found Rijuo's Antique Weapon Boutique.
  2286 | D:5      | Reached skill level 1 in Hexes
  2339 | D:5      | Reached skill level 1 in Spellcasting
  2376 | D:5      | Found a sparkling altar of Nemelex Xobeh.
  2410 | D:5      | Reached XP level 7. HP: 39/46 MP: 7/9
  3056 | D:6      | Found Feastus's Armour Emporium.
  3137 | D:6      | Found an ornate altar of the Wu Jian Council.
  3184 | D:6      | Reached XP level 8. HP: 32/52 MP: 13/13
  3362 | D:6      | Reached skill level 5 in Hexes
  3421 | D:6      | You fall into a shaft and drop 1 floor!
  3610 | D:7      | Noticed Menkaure
  3615 | D:7      | Noticed Maggie
  3651 | D:7      | Killed Menkaure
  3652 | D:7      | Reached skill level 5 in Spellcasting
  3670 | D:7      | Found a staircase to the Ecumenical Temple.
  3852 | D:7      | Killed Maggie
  3852 | D:7      | Reached * piety under Qazlal
  4052 | D:6      | Reached XP level 9. HP: 56/57 MP: 17/17
  4238 | D:6      | Learned a level 3 spell: Ozocubu's Armour
  4348 | D:7      | Demolished by an ogre

Illustrated notes

Levels and vault maps discovered:
D:1:      evilmike_arrival_hilbert_curve, layout_rooms,
          ebering_ecumenical_altar_petrified
D:2:      layout_basic, serial_shops,
          nicolae_shop_temple_entry_statues_fountains,
          nicolae_shop_bloodbath_and_beyond, shop, nicolae_shop_trees
D:3:      minmay_inner_zag, layout_basic, mainiacjoe_overflow_alcove_1
D:4:      layout_loops_corners, mainiacjoe_overflow_paths, minitemple,
          gammafunk_ghost_arena, corner_web_ring, uniq_edmund, uniq_grinder
D:5:      layout_loops_ring, mainiacjoe_overflow_catwalk_spiral, serial_shops,
          nicolae_diamond_shop
D:6:      layout_gridville, lemuel_doored_altar, serial_shops, shop_fountains
D:7:      minmay_thinvault, layout_loops_corners,
          minmay_temple_entry_statues_pillars, hangedman_decor_riveting,
          uniq_menkaure, uniq_maggie

Skill      XL: |  1  2  3  4  5  6  7  8  9 |
---------------+----------------------------+-----
Stealth        | 7 |  7.6
Short Blades   | 1 3 5 |  5.1
Hexes          | 1 4 6 |  6.1
Spellcasting   | 1 3 5 |  5.9
Ice Magic      | 3 |  3.0
Fighting       | |  3.2
Axes           | |  2.3
Dodging        | |  2.2

Action                   |  1- 3 |  4- 6 |  7- 9 || total
-------------------------+-------+-------+-------++-------
Melee: Hand axe          |    42 |       |       ||    42
       Constrict         |    14 |    14 |    18 ||    46
       Tentacles         |    10 |    11 |    41 ||    62
       Dagger            |    14 |    63 |       ||    77
       War axe           |    12 |    28 |   161 ||   201
 Fire: Shortbow          |       |     4 |       ||     4
 Cast: Slow              |       |     3 |    25 ||    28
       Confusing Touch   |       |       |     9 ||     9
Evoke: Wand              |       |     7 |     4 ||    11
  Use: Scroll            |       |     7 |     6 ||    13
       Potion            |       |       |     8 ||     8
 Stab: Sleeping          |    16 |    20 |     2 ||    38
       Distracted        |       |     1 |       ||     1
       Confused          |       |       |     5 ||     5
Armor: Skin              |     2 |     8 |    60 ||    70
Dodge: Dodged            |    34 |    47 |    95 ||   176
Block: Other             |       |       |     2 ||     2

Table legend: (Time is in decaauts)
 A = Elapsed time spent in this place.
 B = Non-inter-level travel time spent in this place.
 C = Inter-level travel time spent in this place.
 D = Time resting spent in this place.
 E = Time spent auto-exploring this place.
 F = Levels seen in this place.
 G = Mean time per level.
                   A        B        C        D        E       F      G
               +--------+--------+--------+--------+--------+-----+--------+
         Total |   4387 |   4227 |    160 |    126 |   2533 |   7 |  626.7 |
       Dungeon |   4387 |   4227 |    160 |    126 |   2533 |   7 |  626.7 |
               +--------+--------+--------+--------+--------+-----+--------+

Top non-repeatable levels by time:
     D:5: 1021 daAuts
     D:6: 798 daAuts
     D:3: 778 daAuts
     D:7: 552 daAuts
     D:1: 549 daAuts
     D:2: 537 daAuts
     D:4: 149 daAuts
